nht, chaotic female elven Wizard ----- +....# ------------ |...|# #...........| | ----+----- ---- --+-----...+## |..........| |........................*......|#####|...(......| | -+-----+--. -- ----|--...| ### --------.--- | |...|...| #### # |%%.|...| # # # |%%.|.... ### ## |%%%|.%.| # ----.---- -----|...| ##........| |(((@|...| |.......| |.!(@GG..| |.......| |.(.m|...| --------- ------...| ...| ----- nht the Conjurer Experience level: 5 Strength: 10 Dexterity: 16 Constitution: 13 Intelligence: 19 Wisdom: 8 Charisma: 9 Health: 0(28) Energy: 35(36) Def: 1 Gold: 10 Moves: 758 Dungeon seed: gB35XrzPICBFmTKw Game ID: nht_1433269971 Your Inventory: Coins $ - 10 gold pieces Amulets B - an uncursed amulet of reflection (being worn) Weapons a - a blessed +1 quarterstaff (weapon in hands) I - 13 +0 arrows Armor e - an uncursed +0 cloak of magic resistance (being worn) q - an uncursed +0 Hawaiian shirt y - an uncursed +1 dwarvish cloak Comestibles p - 2 uncursed slime molds u - an uncursed cram ration w - 2 uncursed lichen corpses Scrolls h - an uncursed scroll of identify i - an uncursed scroll of teleportation j - an uncursed scroll of scare monster t - an uncursed scroll of light F - an uncursed scroll of destroy armor M - a blessed scroll of fire Spellbooks k - a blessed spellbook of force bolt Potions G - an uncursed potion of booze K - an uncursed potion of monster detection L - a blessed potion of restore ability S - an uncursed potion of water T - an uncursed potion of water Rings c - an uncursed ring of slow digestion d - an uncursed ring of fire resistance Q - a cursed -2 ring of gain constitution Wands b - a wand of polymorph (0:6) Tools n - a magic marker (0:70) o - an uncursed wooden flute s - an uncursed leather drum v - an uncursed skeleton key H - an uncursed partly used wax candle (lit) (0:193) J - an uncursed tallow candle (0:200) N - 7 cursed tallow candles (0:200) O - 7 uncursed wax candles (0:400) V - a cursed magic lamp Gems r - an uncursed worthless piece of green glass z - an uncursed worthless piece of yellowish brown glass Spells known in the end: Name Level Category Fail Memory a - force bolt 1 attack 0% 97% b - magic missile 2 attack 0% 97% c - cure blindness 2 healing 47% 97% Your skills at the end: Fighting Skills Weapon Skills quarterstaff [Basic] Spellcasting Skills attack spells [Basic] enchantment spells [Basic] Final Attributes: You were piously aligned. You were sleep resistant. You were magic-protected. You had infravision. You had reflection. You were lucky. You are dead. Vanquished creatures: a gnome lord 2 gnomish wizards 4 dwarves a coyote 2 hobbits a green mold 12 gnomes a fox a goblin 2 sewer rats a grid bug 2 lichens 30 creatures vanquished. Voluntary challenges: You followed a strict vegan diet. You used a wielded weapon 46 times, starting on turn 134. You read items or engraved 1 time, starting on turn 754. You never genocided any monsters. You never polymorphed an object. You never changed form. You used no wishes. You never split a pudding. You wrote Elbereth's name 1 time, starting on turn 754. You never violated your personal moral code. You disabled loading bones files. Dungeon overview: The Dungeons of Doom: levels 1 to 3 Level 1 a long staircase Level 2 a general store Level 3 an altar to Ptah stairs to The Gnomish Mines The Gnomish Mines: levels 4 to 7 Level 4 stairs to The Dungeons of Doom Level 5 Level 6 Level 7 <- You were here some shops History has recorded: On T:1 you entered the Dungeons of Doom to retrieve the Amulet of Yendor! On T:100 you reached level 2 of The Dungeons of Doom. On T:161 you reached level 3 of The Dungeons of Doom. On T:458 you reached level 1 of The Gnomish Mines. On T:483 you advanced to experience level 2. On T:499 you advanced to experience level 3. On T:523 you advanced to experience level 4. On T:542 you reached level 2 of The Gnomish Mines. On T:590 you advanced to experience level 5. On T:624 you reached level 3 of The Gnomish Mines. On T:647 you reached level 4 of The Gnomish Mines. Score breakdown: Gold: 10 ( 3542 points) Experience: 5 levels (11141 points) Exploration: 7 levels ( 14.89%) (10834 points) Discoveries: 2 items ( 0.72%) ( 2549 points) Valuables value: (no points given unless you survive) Artifact value: 0 ( 0 points) Variety of kills: 12 monsters ( 3.17%) ( 5338 points) Time penalty: 758 turns ( 0 points) Survival: died (score multiplied by 80%) Total score: 26723 Latest messages: s - an uncursed drum. A drum lands on the altar. You drop a violet spellbook (unpaid, 533 zorkmids). You drop an uncursed potion of monster detection. You sold an uncursed potion of monster detection for 75 gold pieces. You drop 2 uncursed potions of sickness. You sold 2 uncursed potions of sickness for 50 gold pieces. You drop a cyan potion. You sold a cyan potion for 25 gold pieces. You drop an emerald potion (unpaid, 266 zorkmids). You drop a golden potion (unpaid, 133 zorkmids). You drop a puce potion (unpaid, 354 zorkmids). You drop a yellow potion (unpaid, 133 zorkmids). The gnomish wizard casts a spell at you! You get a slight headache. You die... Rebrol-nek gratefully inherits all your possessions. Final status: Goodbye nht the Wizard, killed by a gnomish wizard... You died in The Gnomish Mines on dungeon level 7 with 26723 points, and 10 pieces of gold, after 758 moves. You were level 5 with a maximum of 28 hit points when you died.